AoeStats
← [La14]Uvita

Arabian Desert

510140603Analyzed
1v1 RM · 3d ago on Sep 29, 2026· 36m 31s· 2 players
Game mode
Random Map
Map size
Tiny (2 player)
Population
200
Speed
Normal
Resources
Standard
Victory
Conquest
Starting age
Dark Age
Ending age
Imperial Age
RankedLock teamsTeams togetherTeam positionsShared explorationLock speedFull tech treeHidden civsTurbo modeCheats
Victory
Defeat
🇪🇸 Romans · Spain
972
+14
🇦🇷 Magyars · Argentina
924
-14
[La14]Uvita
6:11 Loom
9:51 Feudal Age
11:51 Horse Collar
13:27 Double-Bit Axe
16:06 Scale Barding Armor
19:19 Fletching
19:31 Gold Mining
22:48 Castle Age
25:28 Thumb Ring
25:09 Elite Skirmisher
26:47 Padded Archer Armor
27:31 Wheelbarrow
28:33 Bloodlines
28:49 Bodkin Arrow
29:43 Crossbowman
Loretin
9:56 Feudal Age
8:48 Loom
11:41 Double-Bit Axe
11:58 Horse Collar
18:05 Scale Mail Armor
19:22 Man-at-Arms
20:57 Wheelbarrow
25:31 Castle Age
26:45 Squires
27:30 Forging
27:44 Pikeman
31:31 Long Swordsman
36:24 Hand Cart
Connection lost

Rejoining the realm…

Still unreachable

The connection could not be restored.

Session expired

The server has moved on; the page needs a fresh start.